 Dungeon Crawl Stone Soup version 0.31-a0-876-gfe8ebadbca (webtiles) character file.

Game seed: 6100147664351070522

2226 kae the Vexing (level 9, -5/65 HPs)
             Began as a Demonspawn Enchanter on Oct 13, 2023.
             Was a Believer of Dithmenos.
             Slain by a gnoll
             ... wielding a +0 spear
             ... led by a gnoll bouda
              (7 damage)
             ... on level 7 of the Dungeon.
             The game lasted 00:07:00 (7086 turns).

kae the Vexing (Demonspawn Enchanter)               Turns: 7086, Time: 00:07:01

Health: -5/65      AC:  3    Str:  9    XL:     9   Next: 13%
Magic:  4/15       EV: 17    Int: 26    God:    Dithmenos [**....]
Gold:   1457       SH:  0    Dex: 14    Spells: 11/16 levels left

rFire   . . .        f - +4 dagger (freeze)
rCold   . . .        (no shield)
rNeg    . . .        b - +0 robe
rPois   .            x - +0 helmet
rElec   .            (no cloak)
rCorr   .            (no gloves)
SInv    .            (no boots)
Will    .....        (no amulet)
Stlth   +++          I - +6 ring of intelligence
HPRegen 0.30/turn    E - +5 ring of evasion
MPRegen 0.14/turn

%: no passive effects
@: wreathed by umbra
A: claws 1, foul stench 2
a: Renounce Religion, Shadow Step


You were on level 7 of the Dungeon.
You worshipped Dithmenos.
Dithmenos was pleased with you.
You visited 2 branches of the dungeon, and saw 8 of its levels.

You collected 1507 gold pieces.
You spent 50 gold pieces at shops.


Innate Abilities, Weirdness & Mutations

You have sharp fingernails.
You sometimes emit foul miasma when damaged in melee.


   Skills:
 + Level 4.2 Fighting
 * Level 5.5 Short Blades
 - Level 1.7 Dodging
 + Level 5.1 Stealth
 + Level 4.4 Spellcasting
 * Level 6.9 Hexes
 + Level 4.2 Invocations


You had 11 spell levels left.
You knew the following spells:

 Your Spells              Type           Power      Damage    Failure   Level
a - Ensorcelled Hibernat  Hex/Ice        46%        N/A       3%          2
b - Confusing Touch       Hex            41%        N/A       1%          3

Your spell library contained the following spells:

 Spells                   Type           Power      Damage    Failure   Level
 Sigil of Binding         Hex            41%        N/A       1%          3
 Tukima's Dance           Hex            41%        N/A       1%          3
 Dazzling Flash           Conj/Hex       46%        N/A       6%          3
 Kiss of Death            Conj/Necr      20%        2d7       9%          1
 Sandblast                Erth           10%        2d5       9%          1
 Passwall                 Tmut/Erth      4%         N/A       12%         2
 Dimensional Bullseye     Hex/Tloc       11%        N/A       21%         4
 Leda's Liquefaction      Hex/Erth       11%        N/A       21%         4
 Call Canine Familiar     Summ           5%         N/A       24%         3
 Stone Arrow              Conj/Erth      10%        3d7       24%         3
 Animate Armour           Summ/Erth      10%        N/A       63%         4
 Brom's Barrelling Bould  Conj/Erth      5%         2d3       63%         4
 Dispel Undead            Necr           5%         3d7       63%         4
 Lehudib's Crystal Spear  Conj/Erth      2%         10d2      100%        8

Inventory:

Hand Weapons
 a - a +1 dagger
 f - a +4 dagger of freezing (weapon)
   (You took it off a kobold on level 1 of the Dungeon)
Missiles
 d - 81 stones
 l - 9 boomerangs
 r - 2 throwing nets {=f!f}
Armour
 b - a +0 robe (worn)
 x - a +0 helmet (worn)
   (You found it on level 7 of the Dungeon)
Jewellery
 C - a ring of ice
   (You found it on level 5 of the Dungeon)
 E - a +5 ring of evasion (right claw)
   (You found it on level 3 of the Dungeon)
 F - a ring of fire
   (You found it on level 6 of the Dungeon)
 I - a +6 ring of intelligence (left claw)
   (You found it on level 2 of the Dungeon)
 T - an amulet of faith {!P}
   (You found it on level 3 of the Dungeon)
Wands
 j - a wand of mindburst (14)
   (You took it off Ijyb on level 3 of the Dungeon)
 o - a wand of polymorph (12)
   (You took it off Jessica on level 3 of the Dungeon)
 s - a wand of iceblast (15)
   (You found it on level 6 of the Dungeon)
 v - a wand of flame (16)
   (You found it on level 7 of the Dungeon)
Scrolls
 i - 4 scrolls of teleportation {@r4}
 p - a scroll of revelation
 u - a scroll of acquirement
Potions
 c - 2 potions of invisibility
 e - a potion of mutation {unknown}
 g - 2 potions of berserk rage {unknown}
 h - a potion of curing {@q1}
 k - 2 potions of degeneration {!q}
 m - a potion of might
 n - 4 potions of heal wounds {unknown}
 q - a potion of lignification {unknown}
 t - 3 potions of attraction {unknown}
 w - a potion of enlightenment {unknown}
 z - a potion of resistance {unknown}

Dungeon Overview and Level Annotations

Branches:
Dungeon (7/15) Zot: 26124  Temple (1/1) D:4 Zot: 5987

Altars:
Cheibriados
Dithmenos
Gozag
Hepliaklqana
Kikubaaqudgha
Makhleb
Qazlal
Ru
Trog
Uskayaw
Vehumet
Wu Jian
Yredelemnul
Ignis

Shops:
D:2 :((?

Annotations:
D:5 2 transporters, Notanamesir's ghost, novice OpSh
D:7 Dowan; Duvessa

..#####.##.....##.# #.##...#####
..# #.###...###.####..........
..#####.# #...#
#.......#...##### ........#
##### #####............
...####################.##.#####
#..# .......).......##.... ..#
#..# ..#...#...#...###..####..
#..# ......g............# #...
##.# ..#..g#g@.#...###..# #.#.
#.# .....g)........##..# #.#.
#.# #################..# #...
#.# #.# ###..# #... #.# #.#
#....###... #.# #.# #.##.....#.
#.# #.# #.######.#. #.# #.# #.#
#.... ##.### ##.## #.# #....


You could see a gnoll bouda (poisoned, slow) and 2 gnolls.


Message History

The gnoll bouda shouts!
The gnoll shouts!
The gnoll bouda barks out a call to the hunt!
The gnolls pick up the pace!
A gnoll comes into view. It is wielding a +0 halberd.
The gnoll shouts!
The gnoll closely misses you.
You hit the gnoll. You freeze the gnoll. The gnoll barely misses you. x2
Casting: Confusing Touch (safe; 1% risk of failure)
Confirm with . or Enter, or press ? or * to list all spells.
Aiming: Ensorcelled Hibernation (safe; 3% risk of failure)
Press: ? - help, Shift-Dir - straight line, f - gnoll
Aim: a gnoll, wielding a +0 club (heavily wounded, covering ground quickly, umbra, chance to affect: 64%)
The gnoll looks drowsy...
The gnoll hits you with a +0 spear.
The gnoll barely misses you. 😕 HP[-5] MP[-2]
You take 5 damage, and now have 60/65 hp.
You lost 2 mp, and now have 13/15 mp.
The helpless gnoll fails to defend itself.
You perforate the gnoll like a sieve!!! You freeze the gnoll.
You kill the gnoll!
Dithmenos accepts your kill. The gnoll misses you.
Casting: Ensorcelled Hibernation (safe; 3% risk of failure)
Confirm with . or Enter, or press ? or * to list all spells.
Aiming: Ensorcelled Hibernation (safe; 3% risk of failure)
Press: ? - help, Shift-Dir - straight line, f - gnoll
Aim: a gnoll, wielding a +0 spear (covering ground quickly, umbra, chance to affect: 64%)
The gnoll struggles to resist.
The gnoll barely misses you.
The gnoll closely misses you. x2 😕 MP[-2]
You lost 2 mp, and now have 11/15 mp.
You hit the gnoll but do no damage.
The gnoll hits you from afar with a +0 spear.
The gnoll hits you from afar with a +0 halberd! 😕 HP[-9]
You take 9 damage, and now have 51/65 hp.
Casting: Ensorcelled Hibernation (safe; 3% risk of failure)
Confirm with . or Enter, or press ? or * to list all spells.
Aiming: Ensorcelled Hibernation (safe; 3% risk of failure)
Press: ? - help, Shift-Dir - straight line, f/p - gnoll
Aim: a gnoll, wielding a +0 spear (covering ground quickly, umbra, chance to affect: 64%)
The gnoll bouda resists with significant effort.
The gnoll closely misses you.
The gnoll hits you from afar with a +0 spear.
The gnoll misses you. 😮 HP[-4] MP[-2]
You take 4 damage, and now have 47/65 hp.
You lost 2 mp, and now have 9/15 mp.
Casting: Ensorcelled Hibernation (safe; 3% risk of failure)
Confirm with . or Enter, or press ? or * to list all spells.
Aiming: Ensorcelled Hibernation (safe; 3% risk of failure)
Press: ? - help, Shift-Dir - straight line, f/p - gnoll
Aim: a gnoll, wielding a +0 spear (covering ground quickly, umbra, chance to affect: 64%)
The gnoll bouda resists with significant effort.
The gnoll bouda hits you with a +0 club.
The gnoll hits you from afar with a +0 spear.
The gnoll completely misses you.
The gnoll hits you from afar with a +0 halberd!
* * * LOW HITPOINT WARNING * * *
😨 HP[-18] MP[-2]
You take 18 damage, and now have 29/65 hp.
MASSIVE DAMAGE!! (PAUSE)
You lost 2 mp, and now have 7/15 mp.
Casting: Ensorcelled Hibernation (safe; 3% risk of failure)
Confirm with . or Enter, or press ? or * to list all spells.
Aiming: Ensorcelled Hibernation (safe; 3% risk of failure)
Press: ? - help, Shift-Dir - straight line, f/p - gnoll
Aim: a gnoll, wielding a +0 spear (covering ground quickly, umbra, chance to affect: 64%)
The gnoll bouda resists with significant effort.
The gnoll bouda misses you. The gnoll closely misses you.
The gnoll hits you from afar with a +0 spear.
* * * LOW HITPOINT WARNING * * *
The gnoll hits you from afar with a +0 halberd!
* * * LOW HITPOINT WARNING * * *
😱 HP[-13] MP[-2]
You take 13 damage, and now have 16/65 hp.
You lost 2 mp, and now have 5/15 mp.
Unknown command.
Casting: Ensorcelled Hibernation (safe; 3% risk of failure)
Confirm with . or Enter, or press ? or * to list all spells.
Aiming: Ensorcelled Hibernation (safe; 3% risk of failure)
Press: ? - help, Shift-Dir - straight line, f/p - gnoll
Aim: a gnoll, wielding a +0 spear (covering ground quickly, umbra, chance to affect: 64%)
The gnoll bouda resists with significant effort.
The gnoll bouda hits you with a +0 club!
* * * LOW HITPOINT WARNING * * *
You emit a cloud of foul miasma!
The gnoll closely misses you.
The gnoll hits you from afar with a +0 spear!
* * * LOW HITPOINT WARNING * * *
The gnoll completely misses you. 😱 HP[-14] MP[-1]
You take 14 damage, and now have 2/65 hp.
MASSIVE DAMAGE!! (PAUSE)
You lost 1 mp, and now have 4/15 mp.
Okay, then.
The gnoll bouda is engulfed in dark miasma.
The gnoll bouda is poisoned.
The gnoll bouda seems to slow down.
The gnoll bouda misses you.
The gnoll hits you from afar with a +0 spear!
You die...

Skill      XL: |  1  2  3  4  5  6  7  8 |
---------------+-------------------------+-----
Short Blades   | 1 2 3 4 5 |  5.5
Fighting       | 1 2 3 4 |  4.2
Stealth        | 3 4 5 |  5.1
Hexes          | 4 5 6 |  6.9
Spellcasting   | 3 4 |  4.4
Invocations    | 2 4 |  4.2
Dodging        | |  1.7

Action                     |  1- 3 |  4- 6 |  7- 9 || total
---------------------------+-------+-------+-------++-------
  Melee: Dagger            |   126 |   113 |   208 ||   447
         Unarmed           |       |     6 |       ||     6
         Punch             |       |     1 |     3 ||     4
   Cast: Ensorcelled Hiber |       |     8 |    27 ||    35
         Confusing Touch   |       |       |     9 ||     9
    Use: Scroll            |       |     8 |     6 ||    14
         Potion            |       |     1 |       ||     1
   Stab: Sleeping          |     9 |    14 |    22 ||    45
         Confused          |       |       |     9 ||     9
 Armour: Robe              |    47 |    30 |    79 ||   156
         Skin              |       |     3 |       ||     3
  Dodge: Dodged            |    67 |    71 |   165 ||   303

Levels and vault maps discovered:
D:1:      minmay_arrival_split_and_join, layout_loops_ring, minmay_cut_off
D:2:      layout_loops_ring, serial_rivers, chequers_serial_rivers_small_b,
          chequers_serial_rivers_large_b, chequers_serial_rivers_micro_e,
          chequers_serial_rivers_micro_c, chequers_serial_rivers_micro_b,
          serial_shops, shop, shop, shop_statue, shop
D:3:      layout_basic, mainiacjoe_overflow_24_doors, uniq_jessica, uniq_ijyb
D:4:      layout_loops_ring, nicolae_uskayaw_en_pointe,
          minmay_temple_entry_grid, minmay_misc_feat_four_crosses,
          minmay_misc_feat_enclosed, lexackson_kobold_supper
D:5:      layout_loops_cross, serial_rivers, chequers_serial_rivers_micro_a,
          chequers_serial_rivers_small_3, chequers_serial_rivers_room_b,
          chequers_serial_rivers_room_b, chequers_serial_rivers_small_3,
          gammafunk_ghost_smash
D:6:      layout_cave_pools
D:7:      layout_loops_ring, lemuel_coloured_pillars_altar, minmay_puff,
          uniq_duvessa
Temple:   pdpol_scorched_temple

Notes
Turn   | Place    | Note
-------+----------+-------------------------------------------
     0 | D:1      | kae the Demonspawn Enchanter began the quest for the Orb.
     0 | D:1      | Reached XP level 1. HP: 13/13 MP: 3/3
     0 | D:1      | magus.rc [v1.11.3]
    92 | D:1      | Reached skill level 1 in Short Blades
   191 | D:1      | Gained mutation: You may rarely emit foul miasma when
                  | damaged in melee. [demonic ancestry]
   191 | D:1      | Reached XP level 2. HP: 15/19 MP: 5/5
   862 | D:2      | Found Quoril's Weapon Boutique.
   862 | D:2      | Found Coeppak's Antique Weapon Shoppe.
   866 | D:2      | Reached XP level 3. HP: 25/25 MP: 6/6
  1122 | D:2      | Found Gaugats's Book Boutique.
  1132 | D:2      | Reached skill level 1 in Fighting
  1132 | D:2      | Reached skill level 3 in Stealth
  1295 | D:2      | Reached XP level 4. HP: 27/32 MP: 7/7
  1346 | D:2      | Reached skill level 2 in Short Blades
  1375 | D:2      | Found Tubrykya's Magic Scroll Shoppe.
  1384 | D:2      | Bought a scroll of identify for 20 gold pieces
  1384 | D:2      | Bought a scroll of teleportation for 30 gold pieces
  1423 | D:2      | Learned a level 2 spell: Ensorcelled Hibernation
  1427 | D:2      | Learned a level 3 spell: Confusing Touch
  1869 | D:3      | Noticed Ijyb
  1889 | D:3      | Killed Ijyb
  1957 | D:3      | Found a bloodstained altar of Trog.
  2161 | D:3      | Noticed Jessica
  2172 | D:3      | Killed Jessica
  2173 | D:3      | Reached skill level 4 in Hexes
  2173 | D:3      | Reached XP level 5. HP: 22/37 MP: 8/8
  2301 | D:3      | You pick up a book of Geomancy and begin reading...
  2301 | D:3      | You add the spells Sandblast, Passwall, Stone Arrow and
                  | Brom's Barrelling Boulder to your library.
  3137 | D:4      | Reached skill level 2 in Fighting
  3140 | D:4      | Reached skill level 3 in Short Blades
  3140 | D:4      | Reached skill level 3 in Spellcasting
  3140 | D:4      | Gained mutation: You sometimes emit foul miasma when
                  | damaged in melee. [demonic ancestry]
  3140 | D:4      | Reached XP level 6. HP: 38/44 MP: 10/10
  3259 | D:4      | Found a staircase to the Ecumenical Temple.
  3274 | Temple   | Entered the Ecumenical Temple
  3280 | Temple   | Became a worshipper of Dithmenos the Shadowed
  3486 | D:4      | Noticed a +0 short sword
  3486 | D:4      | Noticed a +0 spear
  3487 | D:4      | Noticed a +0 falchion
  3491 | D:4      | Noticed a +0 dagger
  3491 | D:4      | Noticed a +0 dagger
  3497 | D:4      | Noticed a +0 falchion
  3497 | D:4      | Noticed a +0 short sword
  3497 | D:4      | Noticed a +0 spear
  3504 | D:4      | Reached XP level 7. HP: 48/51 MP: 8/11
  3568 | D:4      | Found a hide-covered altar of Uskayaw.
  3886 | D:5      | Entered Level 5 of the Dungeon
  4098 | D:5      | Found a transporter.
  4099 | D:5      | Noticed Notanamesir's ghost (novice OpSh)
  4101 | D:5      | Found a transporter.
  4101 | D:5      | Identified the +11 great mace of Qizotiysu {drain, rF+ rC+
                  | Stlth+}
  4170 | D:5      | Reached skill level 1 in Invocations
  4366 | D:5      | Reached skill level 4 in Stealth
  4366 | D:5      | Reached skill level 5 in Hexes
  4421 | D:5      | Reached * piety under Dithmenos
  4592 | D:5      | You pick up a book of Armaments and begin reading...
  4592 | D:5      | You add the spells Animate Armour and Lehudib's Crystal
                  | Spear to your library.
  5031 | D:6      | Reached skill level 3 in Fighting
  5031 | D:6      | Reached skill level 4 in Short Blades
  5031 | D:6      | Reached skill level 2 in Invocations
  5089 | D:6      | HP: 12/52 [something/magic dart (11)]
  5258 | D:5      | Reached XP level 8. HP: 34/58 MP: 10/13
  5759 | D:6      | Reached skill level 6 in Hexes
  5759 | D:6      | Reached skill level 3 in Invocations
  5900 | D:6      | Reached skill level 4 in Spellcasting
  6019 | D:6      | Reached skill level 5 in Short Blades
  6052 | D:6      | You pick up a book of the Hunter and begin reading...
  6052 | D:6      | You add the spells Sigil of Binding, Call Canine Familiar,
                  | Dimensional Bullseye and Leda's Liquefaction to your
                  | library.
  6202 | D:7      | Identified a scroll of acquirement
  6202 | D:7      | Acquired 1104 gold pieces
  6438 | D:7      | You pick up a book of Touch and begin reading...
  6438 | D:7      | You add the spells Kiss of Death and Dispel Undead to your
                  | library.
  6450 | D:7      | Noticed Duvessa
  6452 | D:7      | Noticed Dowan
  6582 | D:7      | Reached skill level 4 in Fighting
  6675 | D:7      | Reached skill level 5 in Stealth
  6727 | D:7      | Reached skill level 4 in Invocations
  6727 | D:7      | Gained mutation: You have sharp fingernails. [demonic
                  | ancestry]
  6727 | D:7      | Reached XP level 9. HP: 65/65 MP: 15/15
  6965 | D:7      | Reached ** piety under Dithmenos
  7084 | D:7      | HP: 16/65 [gnoll/+0 halberd[a gnoll bouda] (12)]
  7085 | D:7      | HP: 2/65 [gnoll/+0 spear[a gnoll bouda] (7)]
  7086 | D:7      | Slain by a gnoll

Vanquished Creatures
  2 water moccasins
  2 sky beasts
  A black bear (D:6)
  An orc warrior (D:5)
  An ogre (D:6)
  A centaur (D:7)
  A kobold brigand (D:4)
  3 bullfrogs (D:7)
  A scorpion (D:6)
  8 wights
  A howler monkey (D:6)
  A hound (D:7)
  A sleepcap (D:7)
  Jessica (D:3)
  7 iguanas
  Ijyb (D:3)
  5 orc wizards
  5 gnolls
  9 adders
  4 white imps
  2 ufetubi
  3 worms
  2 dart slugs
  12 orcs
  12 ball pythons
  6 endoplasms
  3 giant cockroaches
  10 goblins
  4 hobgoblins
  4 quokkas
  6 bats
  5 frilled lizards
  13 kobolds
  10 rats
148 creatures vanquished.

Table legend:
 A = Non-vault XP
 B = Vault XP
 C = Vault XP percentage of total XP
 D = Non-vault monster count
 E = Vault monster count
 F = Vault count percentage of total count
                 A         B        C        D         E       F
            +---------+---------+-------+---------+---------+-------
      Total |    2697 |     483 |  15.2 |     131 |      17 |  11.5
            +---------+---------+-------+---------+---------+-------
        D:1 |      31 |       9 |  22.5 |      18 |       4 |  18.2
        D:2 |      89 |       0 |   0.0 |      26 |       0 |   0.0
        D:3 |      59 |      73 |  55.3 |      18 |       2 |  10.0
        D:4 |     398 |     112 |  22.0 |      18 |       8 |  30.8
        D:5 |     449 |       0 |   0.0 |      16 |       0 |   0.0
        D:6 |    1090 |       0 |   0.0 |      24 |       0 |   0.0
        D:7 |     581 |     289 |  33.2 |      11 |       3 |  21.4
            +---------+---------+-------+---------+---------+-------

Skill      XL: |  1  2  3  4  5  6  7  8 |
---------------+-------------------------+-----
Short Blades   | 1 2 3 4 5 |  5.5
Fighting       | 1 2 3 4 |  4.2
Stealth        | 3 4 5 |  5.1
Hexes          | 4 5 6 |  6.9
Spellcasting   | 3 4 |  4.4
Invocations    | 2 4 |  4.2
Dodging        | |  1.7

Action                     |  1- 3 |  4- 6 |  7- 9 || total
---------------------------+-------+-------+-------++-------
  Melee: Dagger            |   126 |   113 |   208 ||   447
         Unarmed           |       |     6 |       ||     6
         Punch             |       |     1 |     3 ||     4
   Cast: Ensorcelled Hiber |       |     8 |    27 ||    35
         Confusing Touch   |       |       |     9 ||     9
    Use: Scroll            |       |     8 |     6 ||    14
         Potion            |       |     1 |       ||     1
   Stab: Sleeping          |     9 |    14 |    22 ||    45
         Confused          |       |       |     9 ||     9
 Armour: Robe              |    47 |    30 |    79 ||   156
         Skin              |       |     3 |       ||     3
  Dodge: Dodged            |    67 |    71 |   165 ||   303

Illustrated notes

Table legend:
 A = Kills in this place as a percentage of kills in the entire game.
 B = Kills by you in this place as a percentage of kills by you in the entire game.
 C = Kills by friends in this place as a percentage of kills by friends in the entire game.
 D = Other kills in this place as a percentage of other kills in the entire game.
 E = Experience gained in this place as a percentage of experience gained in the entire game.
 F = Experience gained in this place divided by the number of levels of this place that you have seen.
                   A       B       C       D       E      F
               +-------+-------+-------+-------+-------+----------------------
         Total | 100.0 | 100.0 |   N/A |   N/A | 100.0 | 397.5
       Dungeon | 100.0 | 100.0 |   N/A |   N/A | 100.0 | 454.3
               +-------+-------+-------+-------+-------+----------------------

Table legend: (Time is in decaauts)
 A = Elapsed time spent in this place.
 B = Non-inter-level travel time spent in this place.
 C = Inter-level travel time spent in this place.
 D = Time resting spent in this place.
 E = Time spent auto-exploring this place.
 F = Levels seen in this place.
 G = Mean time per level.
                   A        B        C        D        E       F      G
               +--------+--------+--------+--------+--------+-----+--------+
         Total |   7064 |   6848 |    216 |    666 |   4937 |   8 |  883.0 |
       Dungeon |   7051 |   6842 |    209 |    666 |   4937 |   7 | 1007.3 |
        Temple |     12 |      6 |      6 |      0 |      0 |   1 |   12.0 |
               +--------+--------+--------+--------+--------+-----+--------+

Top non-repeatable levels by time:
     D:5: 1351 daAuts
     D:3: 1220 daAuts
     D:2: 960 daAuts
     D:6: 951 daAuts
     D:7: 874 daAuts
     D:1: 856 daAuts
     D:4: 837 daAuts
  Temple: 12 daAuts
